[Event "Titled Tuesday Blitz October 25 Late 2022"]
[White "Bayo Milagro, Alvaro"]
[Black "Leschinsky, Gary"]
[WhiteFideId "22275240"]
[BlackFideId "30951321"]
[WhiteElo "2270"]
[BlackElo "1855"]
[Result "1-0"]
[Round "03"]
[TimeControl "180+1"]
[Date "2022.10.26"]
[WhiteClock "0:00:04"]
[BlackClock "0:00:14"]

1. e4 c5 2. Nf3 d6 3. d4 cxd4 4. Nxd4 Nf6 5. Nc3 Nc6 6. Be2 e6 7. O-O Be7 8. Be3 O-O 9. f4 Qc7 10. Ndb5 Qb8 11. Qe1 a6 12. Nd4 Nxd4 13. Bxd4 e5 14. fxe5 dxe5 15. Be3 Be6 16. Rd1 Qc7 17. Qg3 Rfd8 18. Bd3 b5 19. h3 Bc4 20. Bxc4 bxc4 21. Bg5 Rxd1 22. Rxd1 Rd8 23. Rxd8+ Bxd8 24. Bxf6 Bxf6 25. Nd5 Qc5+ 26. Kh2 Qd6 27. Qc3 Qc6 28. b3 g6 29. Qxc4 Qd6 30. Qd3 Kg7 31. c4 Bg5 32. b4 h5 33. c5 Qc6 34. Qg3 f6 35. h4 Bf4 36. Nxf4 exf4 37. Qxf4 Qb5 38. a3 Qc4 39. Qe3 Kf7 40. Kh3 Qe6+ 41. Kh2 Qc4 42. g3 Ke6 43. Kg2 Qa2+ 44. Kf3 Qb1 45. Qd4 Qh1+ 46. Ke2 Qg2+ 47. Qf2 Qh3 48. Kd3 Qg4 49. a4 Qd1+ 50. Kc4 Qxa4 51. Qd4 Qb5+ 52. Kc3 Qa4 53. Qd6+ Kf7 54. c6 Qa1+ 55. Kc4 Qc1+ 56. Kd4 Qd2+ 57. Kc5 Qf2+ 58. Kc4 Qe2+ 59. Kb3 Qe3+ 60. Kc2 Qxe4+ 61. Kc3 Qf3+ 62. Kb2 Qg2+ 63. Ka3 Qf3+ 64. Ka4 Qc3 65. Ka5 Qa3+ 66. Kb6 Qe3+ 67. Kb7 Qd3 68. Qxd3 Ke6 69. Qd7+ Ke5 70. c7 Ke4 71. c8=Q Kf3 72. Qcc7 Kg2 73. Kxa6 Kh2 74. g4+ Kh3 75. gxh5+ Kxh4 76. hxg6 Kh5 77. g7 Kh6 78. g8=Q f5 79. Qf8+ Kh5 80. Qfxf5+ Kh6 81. Qf6+ Kh5 82. Qe8+ Kg4 83. b5 Kh3 84. b6 Kg2 85. b7 Kh3 86. b8=Q Kg2 87. Qbb2+ Kh3 88. Qe3+ Kg4 89. Qfd4+ Kh5 90. Qcc5+ Kg6 91. Qbb6+ Kf7 92. Qef4+ Ke8 93. Qde5+ Kd7 94. Qf7# 1-0


[Site "https://www.chess.com"]

[Event "Titled Tuesday Blitz October 25 Late 2022"]
[White "Becerra, Juan David"]
[Black "Kabanova, Ekaterina"]
[WhiteFideId "4404998"]
[BlackFideId "24112917"]
[WhiteElo "2278"]
[BlackElo "2141"]
[Result "0-1"]
[Round "03"]
[TimeControl "180+1"]
[Date "2022.10.26"]
[WhiteClock "0:00:02"]
[BlackClock "0:01:28"]

1. d4 c5 2. e3 e6 3. Nc3 a6 4. a4 Nf6 5. Nf3 b6 6. e4 cxd4 7. Nxd4 Qc7 8. Bd2 Bb7 9. Bd3 d6 10. O-O Nbd7 11. Kh1 Be7 12. f4 h5 13. e5 dxe5 14. fxe5 Qxe5 15. Nf3 Qc7 16. Qe2 Bc5 17. Ne4 Nxe4 18. Bxe4 Nf6 19. Bxb7 Qxb7 20. Bc3 h4 21. Ng5 Be7 22. Rad1 h3 23. Rf3 hxg2+ 24. Qxg2 Rd8 25. Rxd8+ Bxd8 26. Kg1 b5 27. Kf1 b4 28. Bd4 Qd5 29. c3 bxc3 30. bxc3 Rh4 31. Nxf7 Qc4+ 32. Kf2 Kxf7 33. Rxf6+ gxf6 34. Qb7+ Be7 35. Qf3 Rxh2+ 36. Kg3 Qc7+ 37. Kg4 f5+ 0-1


[Site "https://www.chess.com"]

[Event "Titled Tuesday Blitz October 25 Late 2022"]
[White "Belous, Vladimir"]
[Black "Ozsakallioglu, Okan"]
[WhiteFideId "4174003"]
[BlackFideId "6367011"]
[WhiteElo "2534"]
[BlackElo "2078"]
[Result "1-0"]
[Round "03"]
[TimeControl "180+1"]
[Date "2022.10.26"]
[WhiteClock "0:01:41"]
[BlackClock "0:00:03"]

1. c4 c6 2. Nf3 d5 3. e3 Nf6 4. d4 Bf5 5. cxd5 cxd5 6. Nc3 e6 7. Ne5 Nbd7 8. g4 Bg6 9. h4 h5 10. Nxg6 fxg6 11. Bd3 Kf7 12. g5 Ng8 13. Qf3+ Ke7 14. Bxg6 Kd6 15. Bd2 a6 16. Rc1 Ne7 17. Nb5+ axb5 18. Bb4+ Nc5 19. Rxc5 Kd7 20. Bf7 Nc6 21. Bc3 Bxc5 22. dxc5 Qe7 23. g6 e5 24. Qxd5+ Kc7 25. a3 Rad8 26. Qb3 b4 27. axb4 Nd4 28. Qc4 Nf3+ 29. Ke2 e4 30. b5 Rd7 31. b6+ Kb8 32. Ra1 1-0


[Site "https://www.chess.com"]

[Event "Titled Tuesday Blitz October 25 Late 2022"]
[White "Besedes, Danilo"]
[Black "Bogaudinov, Rushan"]
[WhiteFideId "946796"]
[BlackFideId "4129288"]
[WhiteElo "2352"]
[BlackElo "1945"]
[Result "0-1"]
[Round "03"]
[TimeControl "180+1"]
[Date "2022.10.26"]
[WhiteClock "0:00:06"]
[BlackClock "0:01:10"]

1. c3 d6 2. d3 e5 3. e4 f5 4. Nf3 Nf6 5. Qc2 Be7 6. Be2 O-O 7. h3 Nc6 8. Bg5 h6 9. Bxf6 Bxf6 10. Nbd2 a5 11. a4 Be6 12. Nc4 d5 13. exd5 Qxd5 14. Rd1 Rae8 15. O-O b6 16. Nfd2 Ne7 17. Bf3 Qd7 18. Rfe1 Ng6 19. Bh5 Bf7 20. Nf3 Qd5 21. Ne3 Qd7 22. Nc4 Nf4 23. Bxf7+ Rxf7 24. Ncxe5 Bxe5 25. Nxe5 Qd5 26. Nf3 Rxe1+ 27. Nxe1 Re7 28. f3 Re2 29. Qc1 Nxg2 30. Nxg2 Qxf3 0-1


[Site "https://www.chess.com"]

[Event "Titled Tuesday Blitz October 25 Late 2022"]
[White "Bettalli, Francesco"]
[Black "Sala, Giulia"]
[WhiteFideId "2816453"]
[BlackFideId "2840451"]
[WhiteElo "2216"]
[BlackElo "1769"]
[Result "0-1"]
[Round "03"]
[TimeControl "180+1"]
[Date "2022.10.26"]
[WhiteClock "0:01:33"]
[BlackClock "0:01:16"]

1. d4 d6 2. c4 g6 3. h4 h5 4. Nf3 Bg7 5. Nc3 Nd7 6. e4 Ngf6 7. Bg5 c6 8. e5 dxe5 9. dxe5 Ng4 10. e6 fxe6 11. Ne4 Ndf6 12. Qxd8+ Kxd8 13. O-O-O+ Kc7 14. Bf4+ e5 15. Nxe5 Nxe4 16. Nxg4+ Nd6 17. c5 Bxg4 18. cxd6+ exd6 19. Rxd6 Rhd8 20. Rxg6+ Kb6 21. Be3+ Bd4 22. Bc4 Bxe3+ 23. fxe3 Re8 24. Re1 Re4 25. Bd3 Ra4 26. a3 Rd8 27. Bc2 Rc4 28. b3 Rxc2+ 29. Kxc2 Bf5+ 30. e4 Bxg6 31. Kc3 Kc5 32. e5 Re8 33. b4+ Kd5 34. Rd1+ Kxe5 35. Rd7 Kf4 36. Rxb7 Re3+ 37. Kb2 Re2+ 38. Kb3 Rxg2 39. Rxa7 Rh2 40. a4 Rxh4 41. a5 Rh3+ 42. Kc4 Bd3+ 43. Kc5 Rg3 44. Rf7+ Ke3 45. Kxc6 h4 46. Rf6 h3 47. Rh6 Rg6+ 48. Rxg6 Bxg6 49. b5 h2 50. Kb6 h1=Q 51. Ka7 Qd5 52. Ka6 Bf5 53. Kb6 Bd7 54. a6 Qxb5+ 55. Ka7 Bc8 56. Ka8 Qxa6+ 57. Kb8 Qb7# 0-1


[Site "https://www.chess.com"]

[Event "Titled Tuesday Blitz October 25 Late 2022"]
[White "Bongo Akanga Ndjila, Barthelemy"]
[Black "Hoffmann, Asa"]
[WhiteFideId "10609431"]
[BlackFideId "2001470"]
[WhiteElo "1768"]
[BlackElo "2117"]
[Result "0-1"]
[Round "03"]
[TimeControl "180+1"]
[Date "2022.10.26"]
[WhiteClock "0:00:57"]
[BlackClock "0:00:41"]

1. d4 Nf6 2. c4 c5 3. d5 e5 4. Nc3 d6 5. e4 Be7 6. h3 Nbd7 7. Nf3 Nf8 8. Bd3 Ng6 9. O-O O-O 10. Kh2 Nh5 11. Rg1 Nhf4 12. Bf1 f5 13. g3 fxe4 14. Nxe4 Nh5 15. Nfg5 Nf6 16. Bd3 Nxe4 17. Nxe4 Bf5 18. Be3 Qd7 19. g4 Bxe4 20. Bxe4 Nf4 21. Qc2 h6 22. Bh7+ Kh8 23. Bxf4 Rxf4 24. Bf5 Qc7 25. b3 Rf8 26. Rg2 Bh4 27. Rf1 Qe7 28. Be4 Qf6 29. f3 a6 30. a4 b6 31. Rgg1 Qg5 32. Bf5 Rd4 33. Be4 Qf4+ 34. Kh1 Rd2 35. Rg2 Rxc2 36. Rxc2 Qxe4 37. fxe4 Rxf1+ 38. Kg2 Rf4 39. Re2 Kg8 40. Kg1 Kf7 41. Kg2 Ke7 42. Kg1 Kd7 43. Kg2 Kc7 44. Kg1 Kb7 45. Kg2 b5 46. cxb5 axb5 47. axb5 Kb6 48. Kg1 Kxb5 49. Kg2 Kb4 50. Re3 Rf2+ 51. Kg1 Rb2 52. Rf3 Rxb3 53. Rf7 c4 54. Rd7 c3 55. Rxd6 c2 56. Rc6 Rc3 57. Rb6+ Ka5 0-1


[Site "https://www.chess.com"]

[Event "Titled Tuesday Blitz October 25 Late 2022"]
[White "Borisova, Ekaterina"]
[Black "Sabar, Ethmane Daouda"]
[WhiteFideId "34124184"]
[BlackFideId "19600097"]
[WhiteElo "2134"]
[BlackElo "1950"]
[Result "1-0"]
[Round "03"]
[TimeControl "180+1"]
[Date "2022.10.26"]
[WhiteClock "0:01:05"]
[BlackClock "0:00:18"]

1. d4 d5 2. c4 e5 3. dxe5 d4 4. Nf3 Nc6 5. Nbd2 Bg4 6. h3 Bh5 7. g4 Bg6 8. Bg2 Qe7 9. a3 O-O-O 10. O-O Nxe5 11. Nxe5 Qxe5 12. Nf3 Qe6 13. Qa4 Kb8 14. Bf4 Nf6 15. Rad1 d3 16. exd3 Rxd3 17. Rfe1 Qc8 18. Rxd3 Bxd3 19. g5 Nh5 20. Re8 1-0


[Site "https://www.chess.com"]

[Event "Titled Tuesday Blitz October 25 Late 2022"]
[White "Boskovic, Drasko"]
[Black "Mendez Fortes, Eduardo Jesus"]
[WhiteFideId "927368"]
[BlackFideId "3502376"]
[WhiteElo "2388"]
[BlackElo "2307"]
[Result "1-0"]
[Round "03"]
[TimeControl "180+1"]
[Date "2022.10.26"]
[WhiteClock "0:01:19"]
[BlackClock "0:00:44"]

1. d4 Nf6 2. Nf3 d5 3. Bf4 c5 4. e3 Nc6 5. Nbd2 Bf5 6. dxc5 Qa5 7. a3 Qxc5 8. c4 e6 9. b4 Qb6 10. c5 Qd8 11. Be2 Be7 12. h3 O-O 13. O-O Nd7 14. Nd4 Bg6 15. N2f3 Bf6 16. Rc1 e5 17. Nxc6 bxc6 18. Bg3 a6 19. Qa4 Qc7 20. Rfd1 Rfe8 21. Nd4 Rec8 22. Nb3 Qd8 23. Na5 Nb8 24. Bg4 Rc7 25. Nc4 Qe8 26. Nd6 Qd8 27. Qa5 Nd7 28. f4 exf4 29. exf4 h5 30. Bf3 h4 31. Bf2 Bh7 32. Re1 Bb2 33. Rcd1 Bc3 34. Re8+ Qxe8 35. Nxe8 Rcc8 36. Nd6 Rf8 37. Bxh4 Ra7 38. Be7 Rb8 39. g4 Bc2 40. Rc1 Bd4+ 41. Kg2 Bb3 42. h4 Nf8 43. Bxf8 Kxf8 44. Re1 Bc3 45. Re3 d4 46. Qb6 Rxb6 47. Re8# 1-0


[Site "https://www.chess.com"]

[Event "Titled Tuesday Blitz October 25 Late 2022"]
[White "Brown, Andrew"]
[Black "Kalaiyalahan, Akshaya"]
[WhiteFideId "3206513"]
[BlackFideId "422894"]
[WhiteElo "2245"]
[BlackElo "2043"]
[Result "1-0"]
[Round "03"]
[TimeControl "180+1"]
[Date "2022.10.26"]
[WhiteClock "0:00:13"]
[BlackClock "0:00:07"]

1. d4 d5 2. c4 c6 3. Nc3 Nf6 4. Nf3 dxc4 5. g3 b5 6. Bg2 Bb7 7. Ne5 Nbd7 8. Nxc6 Qb6 9. d5 b4 10. Na4 Qb5 11. Be3 Nxd5 12. Qxd5 Qxa4 13. Rd1 Rd8 14. Qxc4 Qxd1+ 15. Kxd1 Ne5+ 16. Nxd8 Nxc4 17. Nxb7 Nxe3+ 18. fxe3 e6 19. Bc6+ Ke7 20. Kc2 g6 21. Rd1 Bh6 22. Rd7+ Kf6 23. Nd6 Bxe3 24. Rxf7+ Ke5 25. Nc4+ Kd4 26. Nxe3 Kxe3 27. Re7 Kxe2 28. Rxe6+ Kf2 29. Kb3 Rd8 30. Kxb4 Rd2 31. Kc3 Rd1 32. b4 Ra1 33. Kb2 Rd1 34. Ba4 Rd2+ 35. Bc2 Kg1 36. h3 Kh2 37. b5 Kxh3 38. Re7 Kxg3 39. Rxh7 g5 40. Rxa7 g4 41. b6 Rd5 42. a4 Rd8 43. a5 Kg2 44. Rg7 g3 45. b7 Kf2 46. a6 g2 47. a7 g1=Q 48. Rxg1 Kxg1 49. b8=Q 1-0


[Site "https://www.chess.com"]

[Event "Titled Tuesday Blitz October 25 Late 2022"]
[White "Bruha, Nicholas"]
[Black "Martinez Alcantara, Jose Eduardo"]
[WhiteFideId "30938988"]
[BlackFideId "3805662"]
[WhiteElo "2197"]
[BlackElo "2703"]
[Result "0-1"]
[Round "03"]
[TimeControl "180+1"]
[Date "2022.10.26"]
[WhiteClock "0:00:03"]
[BlackClock "0:01:17"]

1. d4 Nf6 2. Nf3 e6 3. Bf4 b6 4. e3 Bb7 5. Nbd2 Be7 6. h3 O-O 7. Bd3 c5 8. c3 cxd4 9. exd4 d6 10. O-O Nbd7 11. Qe2 Re8 12. Rfe1 Qc7 13. Bh2 Bf8 14. Ne4 Nxe4 15. Bxe4 Nf6 16. Bxb7 Qxb7 17. Nd2 b5 18. Ne4 Nxe4 19. Qxe4 d5 20. Qg4 b4 21. Be5 bxc3 22. bxc3 Rac8 23. Reb1 Qa6 24. Rb3 Rc6 25. h4 Rec8 26. h5 h6 27. c4 dxc4 28. Rg3 f5 29. Qg6 Qb7 30. Qxh6 Qf7 31. Qg5 Kh7 32. Rc1 c3 33. d5 exd5 34. Rgxc3 Rc4 35. g3 Re8 36. Bf4 Ree4 37. Rxc4 dxc4 38. Qd8 Bc5 39. Qd5 Qxd5 0-1


[Site "https://www.chess.com"]

[Event "Titled Tuesday Blitz October 25 Late 2022"]
[White "Burke, Paul"]
[Black "Potapova, Margarita"]
[WhiteFideId "2605767"]
[BlackFideId "14126869"]
[WhiteElo "1847"]
[BlackElo "2150"]
[Result "0-1"]
[Round "03"]
[TimeControl "180+1"]
[Date "2022.10.26"]
[WhiteClock "0:01:46"]
[BlackClock "0:02:43"]

1. e4 e5 2. Nf3 Nc6 3. Bc4 Bc5 4. b4 Bxb4 5. c3 Be7 6. d4 d6 7. O-O Nf6 8. Ng5 O-O 9. Nxf7 Rxf7 10. Bxf7+ Kxf7 11. Qb3+ Kf8 12. f4 exd4 13. e5 Ne4 14. cxd4 d5 15. Be3 Na5 16. Qd1 Nc4 17. Qe2 Nxe3 18. Qxe3 c5 19. Kh1 cxd4 20. Qxd4 Bc5 21. Qb2 Qh4 0-1


[Site "https://www.chess.com"]

[Event "Titled Tuesday Blitz October 25 Late 2022"]
[White "Caruana, Fabiano"]
[Black "Rostomyan, Mikayel"]
[WhiteFideId "2020009"]
[BlackFideId "13313754"]
[WhiteElo "2847"]
[BlackElo "2018"]
[Result "1-0"]
[Round "03"]
[TimeControl "180+1"]
[Date "2022.10.26"]
[WhiteClock "0:01:19"]
[BlackClock "0:00:03"]

1. Nf3 d5 2. c4 d4 3. b4 c5 4. b5 Nf6 5. g3 Nbd7 6. Bg2 e5 7. d3 Bd6 8. O-O O-O 9. a4 a5 10. e4 Ne8 11. h4 Nc7 12. Bh3 Nb6 13. Bxc8 Nxc8 14. Kg2 Ne7 15. Nbd2 f5 16. exf5 Nxf5 17. Ne4 Qd7 18. Nh2 Rae8 19. Bd2 b6 20. Qg4 Re6 21. h5 h6 22. Rae1 Kh8 23. Nf3 Ne8 24. Nh4 Nxh4+ 25. Qxh4 Bc7 26. Qh3 Qf7 27. f4 exf4 28. Bxf4 Bxf4 29. Rxf4 Nf6 30. Ref1 Qe7 31. Qh4 Qb7 32. Kh2 Qe7 33. Rf5 Kh7 34. R1f4 Nxe4 35. Qxe7 Rxe7 36. Rxf8 Ng5 37. Kg2 Re2+ 38. Rf2 Re3 39. Rb8 Rxd3 40. Rff8 1-0


[Site "https://www.chess.com"]

[Event "Titled Tuesday Blitz October 25 Late 2022"]
[White "Castellanos Gomez, Alejandro"]
[Black "Zhigalko, Sergei"]
[WhiteFideId "22284141"]
[BlackFideId "13502956"]
[WhiteElo "2168"]
[BlackElo "2662"]
[Result "0-1"]
[Round "03"]
[TimeControl "180+1"]
[Date "2022.10.26"]
[WhiteClock "0:00:01"]
[BlackClock "0:00:04"]

1. d4 Nf6 2. Bf4 d5 3. e3 e6 4. Nd2 Bd6 5. Bg3 O-O 6. Bd3 b6 7. Ngf3 Bb7 8. O-O c5 9. c3 Nc6 10. Ne5 Qc7 11. f4 Ne7 12. Qb1 Ng6 13. Qd1 Ne4 14. Nxe4 dxe4 15. Bc2 Ne7 16. Rc1 Rad8 17. Qh5 g6 18. Qe2 Nf5 19. Bf2 f6 20. Nc4 Be7 21. Na3 Rc8 22. Bb3 Bd5 23. c4 Bb7 24. d5 a6 25. dxe6 Qc6 26. Rfd1 Qxe6 27. Rd5 Kg7 28. Rcd1 Rc7 29. R5d2 h5 30. Nb1 Rcc8 31. Nc3 Rcd8 32. Nd5 Rd7 33. h3 Rfd8 34. Bc2 Bf8 35. g4 hxg4 36. Qxg4 Bxd5 37. cxd5 Rxd5 38. Rxd5 Rxd5 39. Rxd5 Qxd5 40. Qg2 Nd6 41. h4 Kf7 42. Be1 b5 43. Qh3 Qf5 44. Qg2 c4 45. Bc3 Qh5 46. Qg3 Qe2 47. Qf2 Qxf2+ 48. Kxf2 f5 49. Bd4 Bg7 50. a3 Bxd4 51. exd4 Ke6 52. Ke3 Ne8 53. b3 Nd6 54. Bd1 Kd5 55. h5 gxh5 56. Bxh5 cxb3 57. Ke2 Kxd4 0-1


[Site "https://www.chess.com"]

[Event "Titled Tuesday Blitz October 25 Late 2022"]
[White "Celestino, Rafael Teixeira"]
[Black "Tayar, Jonathan"]
[WhiteFideId "2108925"]
[BlackFideId "2606534"]
[WhiteElo "2403"]
[BlackElo "2406"]
[Result "1-0"]
[Round "03"]
[TimeControl "180+1"]
[Date "2022.10.26"]
[WhiteClock "0:00:05"]
[BlackClock "0:00:07"]

1. e4 c5 2. Nf3 d6 3. Bc4 a6 4. d4 cxd4 5. Nxd4 Nf6 6. Nc3 b5 7. Bd3 e6 8. Bg5 Be7 9. O-O Qc7 10. Bxf6 Bxf6 11. Bxb5+ axb5 12. Ndxb5 Qb6 13. Nxd6+ Ke7 14. Nc4 Qc5 15. e5 Qxc4 16. exf6+ gxf6 17. Re1 Bb7 18. Qd2 Rg8 19. g3 Nd7 20. b3 Qc6 21. Ne4 Qb6 22. Rad1 Ne5 23. Qf4 Bxe4 24. Rxe4 Rad8 25. Rde1 Rg4 26. Rb4 Qc5 27. Rb7+ Rd7 28. Rxd7+ Kxd7 29. Rxe5 Qxe5 30. Qxg4 Qe1+ 31. Kg2 f5 32. Qd4+ Ke7 33. a4 Qe2 34. a5 Qxc2 35. Qb4+ Kf6 36. Qd4+ Kg6 37. Qc4 Qa2 38. a6 Qa5 39. h4 h6 40. b4 Qb6 41. b5 f4 42. Qc6 Qd4 43. a7 fxg3 44. fxg3 Qd2+ 45. Kf3 Qd3+ 46. Kf2 Qd2+ 47. Kf3 Qd3+ 48. Kf4 Qd2+ 49. Ke5 Qe3+ 50. Kd6 Qxg3+ 51. Kd7 Qd3+ 52. Kc7 Qe3 53. a8=Q Qf4+ 54. Kc8 Kh5 55. Qe4 Qf6 56. Qe3 Qc3+ 57. Qxc3 f5 58. Qcf3+ Kxh4 59. Qac6 Kg5 60. Qxe6 h5 61. Qexf5+ Kh4 62. Q5f4# 1-0


[Site "https://www.chess.com"]

[Event "Titled Tuesday Blitz October 25 Late 2022"]
[White "Chigaev, Maksim"]
[Black "Graif, William"]
[WhiteFideId "4108116"]
[BlackFideId "2609835"]
[WhiteElo "2537"]
[BlackElo "2205"]
[Result "0-1"]
[Round "03"]
[TimeControl "180+1"]
[Date "2022.10.26"]
[WhiteClock "0:00:24"]
[BlackClock "0:00:14"]

1. Nf3 d5 2. c4 e6 3. g3 Nf6 4. Bg2 Be7 5. O-O O-O 6. b3 b6 7. d4 Bb7 8. Nc3 Qc8 9. Bb2 Rd8 10. Rc1 dxc4 11. bxc4 c5 12. e3 cxd4 13. exd4 Qxc4 14. Ne5 Qa6 15. d5 Nxd5 16. Nxd5 Bxd5 17. Qh5 g6 18. Qh6 Bf8 19. Qh4 Bxg2 20. Qxd8 Bxf1 21. Rc8 Nd7 22. Rxa8 Bh3 0-1


[Site "https://www.chess.com"]

[Event "Titled Tuesday Blitz October 25 Late 2022"]
[White "Chizhikov, Vladislav"]
[Black "Papasimakopoulos, Alexandros"]
[WhiteFideId "4178157"]
[BlackFideId "4244125"]
[WhiteElo "2179"]
[BlackElo "2357"]
[Result "0-1"]
[Round "03"]
[TimeControl "180+1"]
[Date "2022.10.26"]
[WhiteClock "0:00:12"]
[BlackClock "0:02:08"]

1. e4 e6 2. d4 d5 3. Nc3 Bb4 4. e5 b6 5. a3 Bf8 6. h4 h5 7. Nh3 Ne7 8. Bb5+ c6 9. Bd3 Ba6 10. Ng5 Bxd3 11. Qxd3 Nf5 12. Ne2 c5 13. c3 Nc6 14. Ng3 c4 15. Qf3 g6 16. Nxf5 gxf5 17. Nh3 Qxh4 18. Bf4 Qg4 19. Qe3 Qxg2 20. O-O-O Qe4 21. Qg3 Na5 22. Rde1 Nb3+ 23. Kd1 Qb1+ 24. Ke2 Qxb2+ 25. Kf1 O-O-O 26. Ng5 Rg8 27. Qf3 Bh6 28. Rxh5 Bxg5 29. Rxg5 Nd2+ 30. Bxd2 Qxd2 31. Rh5 Rg1+ 32. Kxg1 Qxe1+ 33. Kh2 Rg8 34. Rh7 Qg1+ 35. Kh3 Qg6 36. Rh4 b5 37. Rf4 a5 38. Rh4 b4 39. cxb4 axb4 40. axb4 Kb7 41. Rh5 Kb6 42. Rh4 Qg4+ 43. Rxg4 fxg4+ 44. Kg3 gxf3+ 45. Kxf3 Kb5 46. Ke3 Kxb4 47. f4 Kb3 48. f5 c3 49. Kf4 c2 50. f6 c1=Q+ 51. Kf3 Qc3+ 52. Kf4 Qxd4+ 0-1


[Site "https://www.chess.com"]

[Event "Titled Tuesday Blitz October 25 Late 2022"]
[White "Coelho, Ramyres Santana"]
[Black "Koellner, Ruben Gideon"]
[WhiteFideId "2120690"]
[BlackFideId "12993093"]
[WhiteElo "1888"]
[BlackElo "2303"]
[Result "1/2-1/2"]
[Round "03"]
[TimeControl "180+1"]
[Date "2022.10.26"]
[WhiteClock "0:00:09"]
[BlackClock "0:00:07"]

1. e4 d6 2. d4 Nf6 3. Nc3 e5 4. f3 exd4 5. Qxd4 Nc6 6. Qd1 Be6 7. Be3 d5 8. exd5 Nxd5 9. Nxd5 Qxd5 10. Qxd5 Bxd5 11. a3 O-O-O 12. O-O-O Be7 13. Nh3 Rhe8 14. Nf4 Bg5 15. Nxd5 Rxe3 16. f4 Rxd5 17. Rxd5 Bxf4 18. Kd1 Be5 19. c3 Ne7 20. Rd3 Re4 21. Be2 c6 22. Bf3 Rc4 23. Re1 f6 24. h3 Ng6 25. Bg4+ Kc7 26. Rd7+ Kb6 27. Kc2 Rf4 28. Bf3 Nh4 29. Rxg7 h5 30. Bxh5 Nf5 31. Rg4 Rf2+ 32. Kb3 a5 33. a4 Ne7 34. Rge4 Nd5 35. Bf3 Nf4 36. h4 Nxg2 37. Bxg2 Rxg2 38. R1e2 Rg1 39. Ka2 Rh1 40. Rg2 Rh3 41. Rg8 Rh2 42. Kb3 Ka6 43. Rg6 b5 44. axb5+ Kxb5 45. Rh6 a4+ 46. Ka3 Bd6+ 47. Ka2 Be5 48. Kb1 Rh1+ 49. Kc2 Rh2+ 50. Kb1 Rh1+ 51. Ka2 Rh2 52. Ka3 Rh1 53. Ka2 Rh2 1/2-1/2


[Site "https://www.chess.com"]

[Event "Titled Tuesday Blitz October 25 Late 2022"]
[White "Cortes Orihuela, Javier"]
[Black "Tomiello, Lucas Costamilan"]
[WhiteFideId "3414329"]
[BlackFideId "22701940"]
[WhiteElo "2080"]
[BlackElo "2085"]
[Result "0-1"]
[Round "03"]
[TimeControl "180+1"]
[Date "2022.10.26"]
[WhiteClock "0:00:07"]
[BlackClock "0:00:14"]

1. d4 Nf6 2. c4 e6 3. g3 Bb4+ 4. Bd2 Be7 5. Bg2 d5 6. Nf3 O-O 7. O-O dxc4 8. Qc2 a6 9. Qxc4 b5 10. Qc2 Bb7 11. Ba5 Nc6 12. Bc3 Nb4 13. Bxb4 Bxb4 14. Rc1 Be4 15. Qd1 c5 16. a3 Ba5 17. Rxc5 Bb6 18. Rc1 Bxf3 19. Bxf3 Bxd4 20. Nc3 Rc8 21. Qd3 Bxc3 22. Rxc3 Qxd3 23. Rxd3 Rc2 24. b4 e5 25. Bb7 e4 26. Re3 Rb8 27. Bxe4 Nxe4 28. Rxe4 g6 29. a4 Rd8 30. axb5 axb5 31. Ra5 Rdd2 32. Rxb5 Rxe2 33. Rxe2 Rxe2 34. Rb7 Rb2 35. Kg2 Kg7 36. h4 Kf6 37. Rb6+ Ke7 38. Kf3 Rb3+ 39. Ke4 Rb2 40. f3 h5 41. Kf4 Rb3 42. g4 hxg4 43. fxg4 Rb1 44. h5 gxh5 45. gxh5 Rf1+ 46. Kg5 Rg1+ 47. Kh6 f5 48. Kh7 f4 49. h6 f3 50. Rb5 Ke6 51. Rb6+ Ke5 52. Rb8 f2 53. Rf8 f1=Q 54. Rxf1 Rxf1 55. Kg8 Rg1+ 56. Kh8 Kf6 57. h7 Kf7 58. b5 Ra1 59. b6 Ra8# 0-1


[Site "https://www.chess.com"]

[Event "Titled Tuesday Blitz October 25 Late 2022"]
[White "Curtis, John"]
[Black "Mikhalsky, Vladimir"]
[WhiteFideId "3200256"]
[BlackFideId "14144352"]
[WhiteElo "2203"]
[BlackElo "2271"]
[Result "0-1"]
[Round "03"]
[TimeControl "180+1"]
[Date "2022.10.26"]
[WhiteClock "0:00:16"]
[BlackClock "0:00:35"]

1. d4 Nf6 2. Nf3 g6 3. g3 Bg7 4. Bg2 O-O 5. O-O c5 6. c4 d5 7. cxd5 cxd4 8. Nxd4 Nxd5 9. Nb5 a6 10. Qxd5 Qxd5 11. Bxd5 axb5 12. Nc3 b4 13. Nb5 Nc6 14. Rd1 Ra5 15. a4 bxa3 16. Nxa3 Rd8 17. Bb3 Rxd1+ 18. Bxd1 Nd4 19. Nc2 Rxa1 20. Nxa1 Bg4 21. f3 Be6 22. Bd2 Bc4 23. Kf2 f5 24. Bc3 e5 25. Bxd4 exd4 26. Bb3 b5 27. Bc2 Bh6 28. f4 Bf8 29. b3 Bd5 30. Bd3 Bc5 31. Ke1 Bb4+ 32. Kd1 Bc3 33. Nc2 b4 34. Bc4 Bxc4 35. bxc4 b3 36. Na3 Kf7 37. Nb1 Ke6 38. Nd2 Bxd2 39. Kxd2 Kd6 40. Kc1 Kc5 41. Kb2 Kxc4 42. h3 h5 43. h4 d3 44. exd3+ Kxd3 45. Kxb3 Ke3 46. g4 Kxf4 47. gxh5 gxh5 48. Kc4 Kg4 49. Kd4 Kxh4 50. Ke3 Kg3 51. Ke2 f4 52. Kf1 Kf3 53. Kg1 Ke2 54. Kh2 f3 55. Kg3 f2 56. Kh4 0-1


[Site "https://www.chess.com"]

[Event "Titled Tuesday Blitz October 25 Late 2022"]
[White "Czernek, Tymon"]
[Black "Moreno Perez, Tobias Sebastian"]
[WhiteFideId "1199510"]
[BlackFideId "186716"]
[WhiteElo "2240"]
[BlackElo "2460"]
[Result "0-1"]
[Round "03"]
[TimeControl "180+1"]
[Date "2022.10.26"]
[WhiteClock "0:00:20"]
[BlackClock "0:00:10"]

1. e4 c6 2. d4 d5 3. f3 Qb6 4. c3 e5 5. exd5 cxd5 6. dxe5 Bc5 7. Nh3 Bxh3 8. gxh3 Nc6 9. Qxd5 Rd8 10. Qe4 Bf2+ 11. Ke2 Bg1 12. Rxg1 Qxg1 13. Be3 Qxh2+ 14. Bf2 Qxe5 15. Qxe5+ Nxe5 16. Nd2 Nf6 17. Bc5 b6 18. Ba3 Kd7 19. Kf2 Kc7 20. Nb3 Nc6 21. Bb5 Nh5 22. Re1 a6 23. Bxc6 Kxc6 24. Nd4+ Kc7 25. Re5 g6 26. b3 Rhe8 27. Be7 Rc8 28. Re2 Kd7 29. Bg5 Rxe2+ 30. Nxe2 Ng7 31. Be3 b5 32. Bd4 Nf5 33. Be5 Ke6 34. Bh2 Rd8 35. Ke1 f6 36. Bc7 Rd7 37. Ba5 Kf7 38. Bb4 Ne3 39. Kf2 Nc2 40. Bc5 Rd2 41. a4 bxa4 42. bxa4 Rd1 43. Nf4 Ne1 44. Ke2 Ra1 45. Bf2 Nc2 46. Nd3 Na3 47. Bc5 Nc4 48. Nb4 Rxa4 49. Kd3 Nb2+ 50. Kc2 a5 51. Nc6 Rc4 52. Nd8+ Ke8 53. Nb7 Na4 54. Nd6+ Kd7 55. Nxc4 Nxc5 56. Kd2 a4 57. Ke3 Kc6 58. Kd4 Kb5 59. Nd6+ Kc6 60. Nc4 Ne6+ 61. Ke4 Kc5 62. Na3 Ng5+ 63. Kf4 Nxh3+ 64. Kg4 Ng5 65. Kf4 Ne6+ 66. Kg4 h5+ 67. Kh4 Nf4 68. Kg3 Ne2+ 69. Kf2 Nxc3 70. f4 Kb4 71. Nc2+ Kb3 72. Nd4+ Kb2 73. Ke3 a3 74. Kd3 Nd5 75. Nc2 Nxf4+ 76. Ke4 Kxc2 77. Kxf4 a2 0-1


[Site "https://www.chess.com"]

[Event "Titled Tuesday Blitz October 25 Late 2022"]
[White "Dardha, Daniel"]
[Black "Sivakumar, Shaaketh"]
[WhiteFideId "240990"]
[BlackFideId "30940176"]
[WhiteElo "2528"]
[BlackElo "2174"]
[Result "1-0"]
[Round "03"]
[TimeControl "180+1"]
[Date "2022.10.26"]
[WhiteClock "0:01:03"]
[BlackClock "0:00:06"]

1. e4 e6 2. d4 d5 3. Nc3 Nf6 4. e5 Nfd7 5. Nce2 c5 6. c3 Nc6 7. f4 b5 8. Nf3 a5 9. g3 h5 10. Bh3 g6 11. O-O b4 12. Ng5 Nb6 13. a3 Ba6 14. axb4 cxb4 15. Nxe6 fxe6 16. Bxe6 Qe7 17. f5 Bg7 18. Nf4 gxf5 19. Nxd5 Nxd5 20. Bxd5 Bb7 21. Rxf5 O-O-O 22. Rf7 Qe8 23. Qf3 Rf8 24. Bg5 Rxd5 25. Rxf8 Qxf8 26. Qxd5 Nxe5 27. Qe6+ Nd7 28. Rf1 Qh8 29. Rf7 Bxd4+ 30. Kf1 Ba6+ 31. Qxa6+ Kb8 32. Qd6+ Ka8 33. Qd5+ Kb8 34. Qxd4 1-0


[Site "https://www.chess.com"]